TOP OF THE 1ST |
Baltimore (APP) Orioles batting - Pitching for Orem Owlz : LHP Paul Griffin
|
Pitching: LHP Paul Griffin
|
|
Batting: RHB Jeremy Sipe
|
0-0: DOUBLE (Flyball, 8RXD, EV 106.9 MPH)
|
Batting: RHB Mike Zepeda
|
0-0: Ball 1-0: Called Strike 1-1: Ball 2-1: Ball 3-1: Base on Balls
|
Batting: RHB Alex Valencia
|
0-0: Ball 1-0: Foul Ball, location: 2F 1-1: Fielders Choice at 2nd, 1-6 (Groundball, 13S, EV 69.4 MPH) Jeremy Sipe to third
|
Batting: LHB Justin Alworth
|
0-0: Ball 1-0: Foul Ball, location: 2F 1-1: Foul Ball, location: 2F 1-2: Ball 2-2: Ball 3-2: Foul Ball, location: 2F 3-2: Foul Ball, location: 2F 3-2: Foul Ball, location: 2F 3-2: SINGLE (Groundball, 56D, EV 98.8 MPH) Jeremy Sipe scores Alex Valencia to second
|
Batting: LHB Bill Ostlund
|
0-0: Ball 1-0: Called Strike Alex Valencia steals 3rd base (no throw) Justin Alworth to second 1-1: Ball 2-1: Ball 3-1: Called Strike 3-2: Foul Ball, location: 2F 3-2: Fly out, F8 (Flyball, 78D, EV 87.5 MPH) Runner from 3rd tags up, SCORES, throw by CF Justin Alworth to third
|
Batting: RHB Fernando Bravo
|
0-0: SINGLE (Groundball, 56D, EV 104.4 MPH) Justin Alworth scores
|
Batting: LHB Eric Jackson
|
0-0: Swinging Strike 0-1: Ball 1-1: Swinging Strike 1-2: Foul Ball, location: 2F 1-2: Ball Passed Ball! Fernando Bravo to second 2-2: Strikes out swinging
|
Top of the 1st over - 3 runs, 3 hits, 0 errors, 1 left on base; Baltimore (APP) 3 - Orem 0 |
BOTTOM OF THE 1ST |
Orem Owlz batting - Pitching for Baltimore (APP) Orioles : LHP Luis Perez
|
Pitching: LHP Luis Perez
|
|
Batting: SHB Butch Brown
|
0-0: Ball 1-0: Ball 2-0: Ball 3-0: Base on Balls
|
Batting: LHB Justin Alexander
|
0-0: Ball 1-0: SINGLE (Groundball, 34, EV 95.6 MPH) Butch Brown to second Runner from 2nd tries for 3rd, SAFE, throw by RF made to third
|
Batting: RHB Ryan Pelletier
|
0-0: Ball 1-0: Foul Ball, location: 2F 1-1: Ball 2-1: TRIPLE (Flyball, 8RXD, EV 106.2 MPH) Butch Brown scores Justin Alexander scores
|
Batting: RHB Mike Alm
|
0-0: Ball 1-0: Ball 2-0: Foul Ball, location: 2F 2-1: Called Strike 2-2: Foul Ball, location: 2F 2-2: Strikes out swinging
|
Batting: LHB Brett Bugge
|
0-0: Called Strike 0-1: Ball 1-1: Foul Ball, location: 2F 1-2: Strikes out swinging
|
Batting: RHB Danny Bjarnson
|
0-0: Ball 1-0: Called Strike 1-1: Called Strike 1-2: Ball 2-2: Ground out 6-3 (Groundball, 6M, EV 85.6 MPH)
|
Bottom of the 1st over - 2 runs, 2 hits, 0 errors, 1 left on base; Baltimore (APP) 3 - Orem 2 |
TOP OF THE 2ND |
Baltimore (APP) Orioles batting - Pitching for Orem Owlz : LHP Paul Griffin
|
Batting: RHB Matt O'Dea
|
0-0: Ball 1-0: Ball 2-0: Foul Ball, location: 2F 2-1: Foul Ball, location: 2F 2-2: Strikes out looking
|
Batting: RHB Roberto Sotelo
|
0-0: Called Strike 0-1: Ball 1-1: Ball 2-1: Swinging Strike 2-2: Ball 3-2: Strikes out looking
|
Batting: RHB Jeremy Sipe
|
0-0: Ball 1-0: Called Strike 1-1: Ball 2-1: Ball 3-1: Base on Balls
|
Batting: RHB Mike Zepeda
|
0-0: Foul Ball, location: 2F 0-1: Fielders Choice at 2nd, 6-4 (Groundball, 6, EV 95.6 MPH)
|
Top of the 2nd over - 0 runs, 0 hits, 0 errors, 1 left on base; Baltimore (APP) 3 - Orem 2 |
BOTTOM OF THE 2ND |
Orem Owlz batting - Pitching for Baltimore (APP) Orioles : LHP Luis Perez
|
Batting: RHB J.R. Roberts
|
0-0: Ball 1-0: Ball 2-0: Ball 3-0: Called Strike 3-1: Foul Ball, location: 2F 3-2: Base on Balls
|
Batting: RHB Kinya Nishimura
|
0-0: Ball 1-0: Called Strike 1-1: Ball 2-1: Ball 3-1: Base on Balls J.R. Roberts to second
|
Batting: RHB Malachi Ephron
|
0-0: Called Strike 0-1: Ball 1-1: Fly out, F9 (Flyball, 89D, EV 109.4 MPH)
|
Batting: SHB Butch Brown
|
0-0: Ball 1-0: Ball 2-0: Ball 3-0: Called Strike 3-1: Fly out, F6 (Flyball, 6D, EV 86.2 MPH)
|
Batting: LHB Justin Alexander
|
0-0: Ball 1-0: Called Strike 1-1: Ball 2-1: Ball 3-1: Ground out 4-3 (Groundball, 4, EV 88.8 MPH)
|
Bottom of the 2nd over - 0 runs, 0 hits, 0 errors, 2 left on base; Baltimore (APP) 3 - Orem 2 |
TOP OF THE 3RD |
Baltimore (APP) Orioles batting - Pitching for Orem Owlz : LHP Paul Griffin
|
Batting: RHB Alex Valencia
|
0-0: Swinging Strike 0-1: Called Strike 0-2: Strikes out looking
|
Batting: LHB Justin Alworth
|
0-0: Ball 1-0: Foul Ball, location: 2F 1-1: Swinging Strike 1-2: Ground out 5-3 (Groundball, 56S, EV 60.6 MPH)
|
Batting: LHB Bill Ostlund
|
0-0: Ball 1-0: Ball 2-0: Called Strike 2-1: Ball 3-1: Fly out, F9 (Flyball, 9LM, EV 78.8 MPH)
|
Top of the 3rd over - 0 runs, 0 hits, 0 errors, 0 left on base; Baltimore (APP) 3 - Orem 2 |
BOTTOM OF THE 3RD |
Orem Owlz batting - Pitching for Baltimore (APP) Orioles : LHP Luis Perez
|
Batting: RHB Ryan Pelletier
|
0-0: Foul Ball, location: 2F 0-1: Swinging Strike 0-2: Ground out 6-3 (Groundball, 6, EV 85.0 MPH)
|
Batting: RHB Mike Alm
|
0-0: Ball 1-0: Swinging Strike 1-1: Ground out 1-3 (Groundball, 13S, EV 76.2 MPH)
|
Batting: LHB Brett Bugge
|
0-0: Ball 1-0: Ball 2-0: Ground out 1-3 (Groundball, 13, EV 69.4 MPH)
|
Bottom of the 3rd over - 0 runs, 0 hits, 0 errors, 0 left on base; Baltimore (APP) 3 - Orem 2 |
TOP OF THE 4TH |
Baltimore (APP) Orioles batting - Pitching for Orem Owlz : LHP Paul Griffin
|
Batting: RHB Fernando Bravo
|
0-0: Swinging Strike 0-1: Ball 1-1: Called Strike 1-2: Ball 2-2: Strikes out swinging
|
Batting: LHB Eric Jackson
|
0-0: Called Strike 0-1: Foul Ball, location: 2F 0-2: Hit by Pitch
|
Batting: RHB Matt O'Dea
|
0-0: Called Strike Eric Jackson steals 2nd base 0-1: Foul Ball, location: 2F 0-2: Foul Ball, location: 2F 0-2: Ball 1-2: Ball 2-2: Ball Wild Pitch! Eric Jackson to third 3-2: Ground out 5-3 (Groundball, 5, EV 103.1 MPH)
|
Batting: RHB Roberto Sotelo
|
0-0: Foul Ball, location: 2F 0-1: Foul Ball, location: 2F 0-2: Ball 1-2: Ground out 5-3 (Groundball, 56S, EV 85.0 MPH)
|
Top of the 4th over - 0 runs, 0 hits, 0 errors, 1 left on base; Baltimore (APP) 3 - Orem 2 |
BOTTOM OF THE 4TH |
Orem Owlz batting - Pitching for Baltimore (APP) Orioles : LHP Luis Perez
|
Batting: RHB Danny Bjarnson
|
0-0: Foul Ball, location: 2F 0-1: Called Strike 0-2: Ground out 5-3 (Groundball, 56S, EV 93.1 MPH)
|
Batting: RHB J.R. Roberts
|
0-0: Ball 1-0: Ball 2-0: Ground out 4-3 (Groundball, 4, EV 103.1 MPH)
|
Batting: RHB Kinya Nishimura
|
0-0: Ball 1-0: Called Strike 1-1: Fly out, F7 (Flyball, 7LM, EV 98.1 MPH)
|
Bottom of the 4th over - 0 runs, 0 hits, 0 errors, 0 left on base; Baltimore (APP) 3 - Orem 2 |
TOP OF THE 5TH |
Baltimore (APP) Orioles batting - Pitching for Orem Owlz : LHP Paul Griffin
|
Batting: RHB Jeremy Sipe
|
0-0: Ball 1-0: Foul Ball, location: 2F 1-1: Foul Ball, location: 2F 1-2: Foul Ball, location: 2F 1-2: Ball 2-2: Ball 3-2: Foul Ball, location: 2F 3-2: Foul Ball, location: 2F 3-2: SOLO HOME RUN (Flyball, 7LD, EV 91.2 MPH), Distance : 352 ft
|
Batting: RHB Mike Zepeda
|
0-0: Reached on error, E8 (Flyball, 8LD, EV 96.9 MPH)
|
Batting: RHB Alex Valencia
|
0-0: Called Strike 0-1: Swinging Strike 0-2: Ground out 1-3 (Groundball, 23, EV 68.1 MPH) Mike Zepeda to third
|
Batting: LHB Justin Alworth
|
0-0: Ball 1-0: Ball 2-0: Foul Ball, location: 2F 2-1: Ground out 4-3 (Groundball, 4, EV 86.9 MPH) Mike Zepeda scores
|
Batting: LHB Bill Ostlund
|
0-0: Ball 1-0: Ground out U3 (Groundball, 34, EV 108.1 MPH)
|
Top of the 5th over - 2 runs, 1 hit, 1 error, 0 left on base; Baltimore (APP) 5 - Orem 2 |
BOTTOM OF THE 5TH |
Orem Owlz batting - Pitching for Baltimore (APP) Orioles : LHP Luis Perez
|
Batting: RHB Malachi Ephron
|
0-0: Ball 1-0: Ground out 6-3 (Groundball, 6, EV 93.1 MPH)
|
Batting: SHB Butch Brown
|
0-0: Called Strike 0-1: Swinging Strike 0-2: Foul Ball, location: 2F 0-2: Ball 1-2: Ball 2-2: Ball 3-2: Foul Ball, location: 2F 3-2: Fly out, F8 (Flyball, 8RM, EV 87.5 MPH)
|
Batting: LHB Justin Alexander
|
0-0: Ball 1-0: Swinging Strike 1-1: Swinging Strike 1-2: Ball 2-2: Strikes out looking
|
Bottom of the 5th over - 0 runs, 0 hits, 0 errors, 0 left on base; Baltimore (APP) 5 - Orem 2 |
TOP OF THE 6TH |
Baltimore (APP) Orioles batting - Pitching for Orem Owlz : LHP Paul Griffin
|
Batting: RHB Fernando Bravo
|
0-0: Called Strike 0-1: Ball 1-1: Foul Ball, location: 2F 1-2: SINGLE (Groundball, 34D, EV 94.4 MPH)
|
Pitching: RHP Simon Vogel
|
|
Batting: LHB Eric Jackson
|
0-0: Ball 1-0: Called Strike 1-1: Ball 2-1: Foul Ball, location: 2F 2-2: Ball 3-2: Foul Ball, location: 2F 3-2: Fielders Choice at 2nd, 6-4 (Groundball, 6MS, EV 86.2 MPH)
|
Batting: RHB Matt O'Dea
|
0-0: Ball Eric Jackson is caught stealing 2nd base 2-4 1-0: Swinging Strike 1-1: Ball 2-1: Ball 3-1: Base on Balls
|
Batting: RHB Roberto Sotelo
|
0-0: Ball 1-0: Called Strike 1-1: Swinging Strike 1-2: Strikes out swinging
|
Top of the 6th over - 0 runs, 1 hit, 0 errors, 1 left on base; Baltimore (APP) 5 - Orem 2 |
BOTTOM OF THE 6TH |
Orem Owlz batting - Pitching for Baltimore (APP) Orioles : LHP Luis Perez
|
Pitching: RHP Angel Gonzales
|
|
Batting: RHB Ryan Pelletier
|
0-0: TRIPLE (Line Drive, 9LD, EV 101.9 MPH)
|
Batting: RHB Mike Alm
|
0-0: Ball 1-0: Called Strike 1-1: Foul Ball, location: 2F 1-2: Strikes out swinging passed ball, reaches first! Ryan Pelletier scores
|
Batting: LHB Brett Bugge
|
0-0: Ball 1-0: Called Strike Mike Alm steals 2nd base 1-1: Ground out 6-3 (Groundball, 6, EV 83.8 MPH) Mike Alm to third
|
Batting: RHB Danny Bjarnson
|
0-0: Ball 1-0: Foul Ball, location: 2F 1-1: Ground out 4-3 (Groundball, 4, EV 88.1 MPH) Mike Alm scores
|
Batting: RHB J.R. Roberts
|
0-0: Ball 1-0: Ball 2-0: Ball 3-0: Called Strike 3-1: Foul Ball, location: 2F 3-2: Foul Ball, location: 2F 3-2: Base on Balls
|
Batting: RHB Kinya Nishimura
|
0-0: Ball 1-0: Ball 2-0: Ball 3-0: Called Strike 3-1: SINGLE (Groundball, 6MD, EV 107.5 MPH) J.R. Roberts to second
|
Batting: RHB Malachi Ephron
|
0-0: Called Strike 0-1: Ball 1-1: Ball 2-1: Foul Ball, location: 2F 2-2: Strikes out swinging
|
Bottom of the 6th over - 2 runs, 2 hits, 0 errors, 2 left on base; Baltimore (APP) 5 - Orem 4 |
TOP OF THE 7TH |
Baltimore (APP) Orioles batting - Pitching for Orem Owlz : RHP Simon Vogel
|
Batting: RHB Jeremy Sipe
|
0-0: Called Strike 0-1: Ground out 6-3 (Groundball, 6, EV 80.6 MPH)
|
Batting: RHB Mike Zepeda
|
0-0: Fly out, F9 (Flyball, 9S, EV 85.6 MPH)
|
Batting: RHB Alex Valencia
|
0-0: Ball 1-0: Ball 2-0: Ball 3-0: Called Strike 3-1: Swinging Strike 3-2: Base on Balls
|
Batting: LHB Justin Alworth
|
0-0: Ball Alex Valencia is caught stealing 2nd base 2-6
|
Top of the 7th over - 0 runs, 0 hits, 0 errors, 0 left on base; Baltimore (APP) 5 - Orem 4 |
BOTTOM OF THE 7TH |
Orem Owlz batting - Pitching for Baltimore (APP) Orioles : RHP Angel Gonzales
|
Pitching: RHP Frank Caillouet
|
|
Batting: SHB Butch Brown
|
0-0: Ball 1-0: Swinging Strike 1-1: Ball 2-1: Called Strike 2-2: Ball 3-2: Base on Balls
|
Batting: LHB Justin Alexander
|
0-0: Ball 1-0: Bunted foul 1-1: Ball Wild Pitch! Butch Brown to second 2-1: Sac Bunt to 15S - play at first, batter OUT! 1-4 Butch Brown to third
|
Batting: RHB Ryan Pelletier
|
0-0: Foul Ball, location: 2F 0-1: Ball 1-1: SINGLE (Groundball, 56D, EV 101.9 MPH) Butch Brown scores
|
Batting: RHB Mike Alm
|
0-0: Ball Ryan Pelletier steals 2nd base 1-0: Swinging Strike 1-1: Ball 2-1: Swinging Strike 2-2: Ball 3-2: Base on Balls
|
Batting: LHB Brett Bugge
|
0-0: Foul Ball, location: 2F 0-1: Ball 1-1: Ball 2-1: Fly out, F8 (Flyball, 8RM, EV 88.8 MPH)
|
Batting: RHB Danny Bjarnson
|
0-0: Ball 1-0: Foul Ball, location: 2F 1-1: Swinging Strike 1-2: Ball 2-2: Ball 3-2: Base on Balls Ryan Pelletier to third Mike Alm to second
|
Pitching: RHP Chris Kimura
|
|
Pinch Hitting: LHB Nick Isaac
|
0-0: Ball 1-0: Foul Ball, location: 2F 1-1: Ground out U3 (Groundball, 34, EV 81.9 MPH)
|
Bottom of the 7th over - 1 run, 1 hit, 0 errors, 3 left on base; Baltimore (APP) 5 - Orem 5 |
TOP OF THE 8TH |
Baltimore (APP) Orioles batting - Pitching for Orem Owlz : RHP Simon Vogel
|
Pitching: RHP Owen Prouty
|
|
Now at 1B: Nick Isaac
|
|
Batting: LHB Justin Alworth
|
0-0: Ball 1-0: Ball 2-0: Ball 3-0: Called Strike 3-1: Swinging Strike 3-2: Base on Balls
|
Batting: LHB Bill Ostlund
|
0-0: Ball 1-0: Called Strike 1-1: Foul Ball, location: 2F 1-2: Ball 2-2: Foul Ball, location: 2F 2-2: 2-RUN HOME RUN (Line Drive, 9D, EV 96.9 MPH), Distance : 397 ft
|
Batting: RHB Fernando Bravo
|
0-0: Called Strike 0-1: Foul Ball, location: 2F 0-2: Strikes out looking
|
Batting: LHB Eric Jackson
|
0-0: Ball 1-0: Ground out 6-3 (Groundball, 6, EV 110.0 MPH)
|
Batting: RHB Matt O'Dea
|
0-0: Hit by Pitch
|
Pitching: RHP Ed Raleigh
|
|
Batting: RHB Roberto Sotelo
|
0-0: Ball 1-0: Ground out U3 (Groundball, 34S, EV 68.1 MPH)
|
Top of the 8th over - 2 runs, 1 hit, 0 errors, 1 left on base; Baltimore (APP) 7 - Orem 5 |
BOTTOM OF THE 8TH |
Orem Owlz batting - Pitching for Baltimore (APP) Orioles : RHP Chris Kimura
|
Batting: RHB Kinya Nishimura
|
0-0: Foul Ball, location: 2F 0-1: Ball 1-1: Foul Ball, location: 2F 1-2: Strikes out swinging
|
Pinch Hitting: SHB Winikeneke Keikemamake
|
0-0: Ball 1-0: Ground out 6-3 (Groundball, 4M, EV 107.5 MPH)
|
Batting: SHB Butch Brown
|
0-0: Ball 1-0: Ball 2-0: Swinging Strike 2-1: Foul Ball, location: 2F 2-2: Strikes out looking
|
Bottom of the 8th over - 0 runs, 0 hits, 0 errors, 0 left on base; Baltimore (APP) 7 - Orem 5 |
TOP OF THE 9TH |
Baltimore (APP) Orioles batting - Pitching for Orem Owlz : RHP Ed Raleigh
|
Now at SS: Winikeneke Keikemamake
|
|
Now in RF: Danny Bjarnson
|
|
Batting: RHB Jeremy Sipe
|
0-0: Ball 1-0: Ball 2-0: Ball 3-0: Called Strike 3-1: Foul Ball, location: 2F 3-2: Foul Ball, location: 2F 3-2: Base on Balls
|
Batting: RHB Mike Zepeda
|
0-0: Ball Jeremy Sipe is caught stealing 2nd base 2-4 1-0: Ball 2-0: Swinging Strike 2-1: Foul Ball, location: 2F 2-2: Ball 3-2: SINGLE (Groundball, 34S, EV 68.8 MPH) (infield hit)
|
Batting: RHB Alex Valencia
|
0-0: Ball 1-0: Called Strike 1-1: Ball 2-1: 2-RUN HOME RUN (Line Drive, 7D, EV 100.0 MPH), Distance : 391 ft
|
Pitching: RHP Tim Anderson
|
|
Batting: LHB Justin Alworth
|
0-0: Ball 1-0: Called Strike 1-1: Swinging Strike 1-2: Foul Ball, location: 2F 1-2: Strikes out looking
|
Batting: LHB Bill Ostlund
|
0-0: Called Strike 0-1: Ball 1-1: Ball 2-1: Ground out 4-3 (Groundball, 4, EV 76.2 MPH)
|
Top of the 9th over - 2 runs, 2 hits, 0 errors, 0 left on base; Baltimore (APP) 9 - Orem 5 |
BOTTOM OF THE 9TH |
Orem Owlz batting - Pitching for Baltimore (APP) Orioles : RHP Chris Kimura
|
Batting: LHB Justin Alexander
|
0-0: Called Strike 0-1: Ball 1-1: Ball 2-1: TRIPLE (Line Drive, 89XD, EV 105.0 MPH)
|
Batting: RHB Ryan Pelletier
|
0-0: Ball 1-0: Fly out, F2 (Popup, 23F, EV 81.9 MPH)
|
Batting: RHB Mike Alm
|
0-0: Ball 1-0: Swinging Strike 1-1: Ball 2-1: Fly out, F8 (Flyball, 8LM, EV 83.8 MPH)
|
Batting: LHB Brett Bugge
|
0-0: Ball 1-0: Called Strike 1-1: Foul Ball, location: 2F 1-2: Strikes out looking
|
Bottom of the 9th over - 0 runs, 1 hit, 0 errors, 1 left on base; Baltimore (APP) 9 - Orem 5 |
|